 Dungeon Crawl Stone Soup version 0.30.0-20-g3615ddf2f0 (webtiles) character file.

Game seed: 2737106130003035228

30 qw the Shield-Bearer (level 3, 0/23 HPs)
             Began as a Gargoyle Fighter on May 29, 2023.
             Slain by a gnoll
             ... wielding a +0 spear
              (2 damage)
             ... on level 2 of the Dungeon.
             The game lasted 00:00:31 (926 turns).

qw the Shield-Bearer (Gargoyle Fighter)              Turns: 926, Time: 00:00:32

Health: 0/23       AC: 10    Str: 21    XL:     3   Next: 18%
Magic:  3/3        EV:  9    Int:  8    God:
Gold:   93         SH:  4    Dex:  9    Spells: 2/2 levels left

rFire   . . .        Y - +0 war axe
rCold   . . .        c - +0 buckler
rNeg    + . .        b - +0 scale mail
rPois   inf          (no helmet)
rElec   +            (no cloak)
rCorr   .            (no gloves)
SInv    .            (no boots)
Will    .....        k - amulet of the acrobat Stlth
                     (no ring)
HPRegen 0.23/turn    (no ring)
MPRegen 0.08/turn

%: acrobat
@: no status effects
A: sickness immunity, AC +3, negative energy resistance 1, electricity
resistance, torment resistance 1, petrification resistance
a: no special abilities


You were on level 2 of the Dungeon.
You visited 1 branch of the dungeon, and saw 2 of its levels.

You collected 93 gold pieces.


Innate Abilities, Weirdness & Mutations

You are immune to sickness and miasma.
Your stone body is resilient. (AC +3)
You are immune to poison.
You resist negative energy. (rN+)
You are resistant to electric shocks. (rElec)
You are resistant to unholy torment.
You are immune to petrification.


   Skills:
 - Level 3.2 Fighting
 + Level 3.2 Axes
 - Level 3.2 Armour
 - Level 3.2 Shields


You had 2 spell levels left.
You didn't know any spells.
Your spell library was empty.

Inventory:

Hand Weapons
 h - a +0 club
 Y - a +0 war axe (weapon)
Armour
 b - a +0 scale mail (worn)
 c - a +0 buckler (worn)
 i - a +0 pair of gloves
Jewellery
 k - an amulet of the acrobat (around neck)
Scrolls
 a - a scroll of identify {unknown}
Potions
 d - a potion of might
 e - a potion of degeneration {unknown}
 f - a potion of invisibility {unknown}
 g - a potion of cancellation {unknown}
 j - a potion of brilliance {unknown}

Dungeon Overview and Level Annotations

Branches:
Dungeon (2/15)

Altars:


Message History

Enter note:
Enter note: You start waiting.
A gnoll is nearby!
You block the gnoll's attack.
Enter note:
Enter note: A gnoll comes into view. It is wielding a +0 spear.
The gnoll shouts!
You hear a shout!
The gnoll completely misses you.
A gnoll comes into view. It is wielding a +0 spear.
Enter note:
Enter note: You barely miss the gnoll.
The gnoll hits you but does no damage. The gnoll closely misses you.
A gnoll comes into view. It is wielding a +0 whip.
The gnoll closely misses you.
You barely miss the gnoll.
The gnoll shouts!
The gnoll barely misses you. You block the gnoll's attack.
You hit the gnoll.
The gnoll is lightly wounded.
The gnoll closely misses you. The gnoll hits you but does no damage.
You hit the gnoll.
The gnoll is heavily wounded.
The gnoll hits you but does no damage. x3
The gnoll hits you from afar with a +0 spear!
The gnoll hits you from afar with a +0 spear.
The gnoll barely misses you.
You closely miss the gnoll.
The gnoll is heavily wounded.
The gnoll hits you but does no damage. You block the gnoll's attack.
The gnoll hits you from afar with a +0 spear.
You hit the gnoll.
The gnoll is severely wounded.
The gnoll hits you from afar with a +0 spear.
The gnoll hits you but does no damage.
The gnoll hits you from afar with a +0 spear. x2
The gnoll completely misses you. The gnoll hits you with a +0 spear.
You die...

# ######### ######
#........ ......
#### .........
...... .... #......
###### ....# #.gg.
#..##gg# # #...@.# #
##...######## #
###..........# #
#.....######.. #####
#..##.##
....#######.##%.#
###..%.........####
#
##.....####.....####
#.#...# #.###....#


You could see 4 gnolls.

Vanquished Creatures
  A worm (D:2)
  A dart slug (D:2)
  4 ball pythons (D:1)
  2 endoplasms (D:1)
  2 giant cockroaches
  2 goblins (D:1)
  3 hobgoblins
  A bat (D:1)
  2 frilled lizards (D:2)
  3 kobolds
  2 rats
23 creatures vanquished.

Notes
Turn   | Place    | Note
-------+----------+-------------------------------------------
     0 | D:1      | qw the Gargoyle Fighter began the quest for the Orb.
     0 | D:1      | Reached XP level 1. HP: 14/14 MP: 1/1
     0 | D:1      | 0 ||| qw: Version: 0.2-a-101-gf424e7f
     0 | D:1      | 0 ||| qw: Game counter: 342
     0 | D:1      | 0 ||| qw: Always use a shield: true
     0 | D:1      | 0 ||| qw: God list: Okawaru
     0 | D:1      | 0 ||| qw: Allow faded altars: false
     0 | D:1      | 0 ||| qw: Do Orc after D:15 true
     0 | D:1      | 0 ||| qw: Do second Lair branch before Depths: true
     0 | D:1      | 0 ||| qw: Lair rune preference: random
     0 | D:1      | 0 ||| qw: Plans: Normal, Zot:1-4, Slime:5, God:TSO, Crypt,
                  | Tomb, Pan, Hells, Abyss, Win
     0 | D:1      | 0 ||| PLANNING D:1-11
    13 | D:1      | 13 ||| Stepping ~*~*~tactically~*~*~ (stealth).
    14 | D:1      | 14 ||| Stepping ~*~*~tactically~*~*~ (stealth).
    16 | D:1      | 16 ||| Stepping ~*~*~tactically~*~*~ (stealth).
    93 | D:1      | Reached XP level 2. HP: 13/19 MP: 2/2
   443 | D:1      | 443 ||| Stepping ~*~*~tactically~*~*~ (stealth).
   597 | D:1      | 597 ||| Stepping ~*~*~tactically~*~*~ (hiding).
   598 | D:1      | 598 ||| Stepping ~*~*~tactically~*~*~ (hiding).
   679 | D:1      | 679 ||| UPGRADING to amulet of the acrobat.
   684 | D:1      | 684 ||| READING scroll labelled MEKEM OPTURRUCK.
   685 | D:1      | 685 ||| DRINKING 2 golden potions.
   686 | D:1      | 686 ||| DROPPING potion of magic.
   708 | D:2      | 708 ||| Stepping ~*~*~tactically~*~*~ (stealth).
   709 | D:2      | 709 ||| Stepping ~*~*~tactically~*~*~ (stealth).
   735 | D:2      | Reached skill level 3 in Axes
   754 | D:2      | Reached XP level 3. HP: 23/23 MP: 3/3
   916 | D:2      | 916 ||| Stepping ~*~*~tactically~*~*~ (hiding).
   926 | D:2      | HP: 2/23 [gnoll/+0 spear (5)]
   926 | D:2      | Slain by a gnoll

Levels and vault maps discovered:
D:1:      scummos_arrival_checkerplants, layout_loops_ring, nrook_uturn
D:2:      layout_rooms

Skill      XL: |  1  2 |
---------------+-------+-----
Axes           | 2 3 |  3.2
Fighting       | |  3.2
Armour         | |  3.2
Shields        | |  3.2

Action                     || total
---------------------------++-------
  Melee: War axe           ||    84
    Use: Scroll            ||     1
         Potion            ||     1
 Armour: Scale mail        ||    43
  Dodge: Dodged            ||    36
  Block: Buckler           ||    16

Table legend:
 A = Non-vault XP
 B = Vault XP
 C = Vault XP percentage of total XP
 D = Non-vault monster count
 E = Vault monster count
 F = Vault count percentage of total count
                 A         B        C        D         E       F
            +---------+---------+-------+---------+---------+-------
      Total |      43 |       0 |   0.0 |      23 |       0 |   0.0
            +---------+---------+-------+---------+---------+-------
        D:1 |      24 |       0 |   0.0 |      14 |       0 |   0.0
        D:2 |      19 |       0 |   0.0 |       9 |       0 |   0.0
            +---------+---------+-------+---------+---------+-------
